← All builds
Front / Cortex / Economy first / OBSERVED BUILD

Standard front

Cortex Front build order · Supreme Isthmus

Standard economy-first Front play: Bot Lab immediately, Advanced Metal Extractor around 9:23, then a mixed Thug/Grunt/Aggravator army sent up to defend the wider gap and move to middle as a line.

#eco #team support · 503 distinct matches · 153 players · 65% of Cortex Front games · team won 51% of 520 · Recently observed

HOW TO PLAY IT

Key timing: Bot Lab by 0:40

  1. Open 2 mex into early Bot Lab.
  2. Finish Bot Lab and start Thug, Grunt, Aggravator mix.
  3. Send first units to coast to stop leaks, not straight to mid.
  4. Transition into Advanced Metal Extractor as eco scales.
  5. Move units up as a line toward middle to hold the wider gap.

Phase by phase

TYPICAL OF ITS 503 GAMES
  1. 1
  2. 2
  3. 3
PLAY THE OPENING

Follow the example game's first 6:00 step by step: what to build now, what comes next, and where it goes. At 1× it keeps pace with your own game.

  1. 1

    Up to the Bot Lab

    Economy
    • Metal Extractor2Mex
    Order
    1. Bot LabBot Lab after 2 mexdone ~0:40, middle half 0:34–0:46

    Some games also: wind (39%)

    By 0:23 in all: 2 mex

    The example game in this phase · 3 steps
    1. Mex
    2. Wind ×3
    3. Bot LabBot Labdone 0:45 · typical 0:40
  2. 2

    Bot Lab to 5:00

    Economy
    • Metal Extractor4Mex
    • Wind Turbine4Wind
    Builders
    • Construction Bot3 Con bot
    • Graverobber2 Graverobber
    Army
    • Guard2 Guard
    • Thug9 Thug
    • Aggravator5 Aggravator
    • Grunt4 Grunt

    Some games also: con turret (46%) · Radar Tower (35%)

    By 5:00 in all: 6 mex · 5 wind

    The example game in this phase · 26 steps
    1. Wind ×2
    2. GruntGrunt
    3. Wind
    4. GruntGrunt
    5. Mex
    6. GraverobberGraverobber
    7. Wind ×3
    8. GruntGrunt ×4
    9. Construction BotCon bot
    10. ThugThug ×2
    11. Mex
    12. ThugThug ×3
    13. Mex
    14. ThugThug ×2
    15. Mex
    16. Construction BotCon bot
    17. Mex
    18. GuardGuard
    19. ThugThug
    20. Con turret
    21. ThugThug ×2
    22. Twin GuardTwin Guard
    23. ThugThug
    24. GraverobberGraverobber
    25. ThugThug
    26. Wind
  3. 3

    5:00 to 10:00

    Economy
    • Metal Extractor1Mex
    • Wind Turbine17Wind
    Builders
    • Construction Turret2 Con turret
    • Graverobber2 Graverobber
    • Construction Bot1 Con bot
    Army
    • Guard1 Guard
    • Grunt7 Grunt
    • Thug5 Thug
    • Aggravator1 Aggravator

    Some games also: Radar Tower (44%) · converter (36%) · energy storage (36%) · Twin Guard (33%) · eat Bot Lab (37%)

    By 10:00 in all: 7 mex · 24 wind · 3 con turret

    The example game in this phase · 45 steps
    1. ThugThug
    2. Wind
    3. ThugThug
    4. Wind
    5. ThugThug
    6. Twin GuardTwin Guard
    7. Wind
    8. ThugThug
    9. Con turret
    10. Wind
    11. ThugThug
    12. Wind
    13. CastroCastro
    14. ThugThug
    15. Wind
    16. ThugThug
    17. GuardGuard
    18. Wind
    19. ThugThug
    20. Wind
    21. ThugThug ×2
    22. Wind
    23. WardenWarden
    24. Wind
    25. AgitatorAgitatordone 8:34
    26. Wind
    27. GruntGrunt ×6
    28. Con turret
    29. GruntGrunt ×18
    30. Con turret
    31. GruntGrunt ×2
    32. Con turret
    33. GruntGrunt ×3
    34. Advanced solar
    35. GruntGrunt
    36. Advanced Metal ExtractorT2 mexdone 11:29 · typical 9:27
    37. GruntGrunt ×2
    38. Advanced solar
    39. Construction BotCon bot
    40. GruntGrunt
    41. GraverobberGraverobber
    42. GruntGrunt
    43. Advanced Metal ExtractorT2 mex
    44. CastroCastro
    45. GruntGrunt

Counts are medians over the build's games: half of them build more, half fewer. The example game is galactikraken's (32 OS, 23/09/2026); pick another.

Team trades

IN AT LEAST 30% OF ITS GAMES

You hand over

Nothing regular.

You get

  • Tidal Generator4 Tidal from Pondfirst at 0:16 · in 64% of games
  • Advanced Construction Bot1 T2 con bot from Geo or Techfirst at 7:52 · in 62% of games

How it plays out

Typical game of this build, running totals by minute

Metal produced

010k20k30k
0:005:0010:0015:00

metal

Enemy metal destroyed

05k10k
0:005:0010:0015:00

metal

Own metal lost

05k10k
0:005:0010:0015:00

metal

520 games.

Show as table
ByMetal produced: This buildEnemy metal destroyed: This buildOwn metal lost: This build
1:0033100
2:0085700
3:00163710886
4:002721389337
5:003870942840
6:00512616061537
7:00643124362428
8:00779332003343
9:00926239104314
10:001093447155089
11:001274553326006
12:001467758696890
13:001695963867624
14:001917070268587
15:002086576749398
WHAT THE NUMBERS SAY

Standard front play wins less than half its games, with losses slightly outpacing kills through the first 15 minutes.

  • + Kills reach 7200 by 15:00 despite the safer starting position.
  • + T2 constructor reached in 85% of games, solid tech follow-through.
  • − Team wins under half of games (45%), the weakest shown here.
  • − Own metal lost (9484) exceeds enemy metal destroyed (7200) by 15:00.
THE EXAMPLE YOU ARE READING

galactikraken

31.8 OS · 23/09/2026

Open source match ↗

5 received units · includes a constructor
32 metal received · 16389 energy received

Allied construction assistance is unknown. Timings are observations, not a promise of solo reproducibility.

Typical milestones

Bot Lab0:40Middle 50%: 0:34–0:46 · n=507
Advanced Metal Extractor9:27Middle 50%: 8:20–10:46 · n=378

Played most by

iLike2Eco33games of this buildSauceDispenser28games of this buildTheGeneraI27games of this buildwatermeloans19games of this buildUncle_Cane15games of this build
Standard front · Cortex Front build order · BAR Build Atlas